 Dungeon Crawl Stone Soup version 0.13-a0-1638-g9943704 (webtiles) character file.

276 Diracelecht the Poker (level 4, 0/37 HPs)
             Began as a Draconian Abyssal Knight on June 17, 2013.
             Was a Priest of Lugonu.
             Slain by a green rat (4 damage)
             ... on Level 3 of the Dungeon.
             The game lasted 00:08:15 (1656 turns).

Diracelecht the Poker (Draconian Abyssal Knight)    Turns: 1656, Time: 00:08:15

HP   0/37        AC  6     Str 14      XL: 4   Next: 56%
MP   6/6         EV 12     Int 16      God: Lugonu [***...]
Gold 169         SH  0     Dex 11      Spells:  0 memorised,  3 levels left

Res.Fire  : . . .   See Invis. : .   a - +2 spear {=f}
Res.Cold  : . . .   Warding    : .   (armour unavailable)
Life Prot.: . . .   Conserve   : .   (no shield)
Res.Poison: .       Res.Corr.  : .   (helmet restricted)
Res.Elec. : .       Clarity    : .   (no cloak)
Sust.Abil.: . .     Spirit.Shd : .   o - +0 pair of gauntlets
Res.Mut.  : .       Stasis     : .   (no boots)
Res.Rott. : .       Flight     : .   (no amulet)
Saprovore : . . .                    (no ring)
                                     i - +3 ring of intelligence

@: slightly resistant to hostile enchantments, unstealthy
A: unfitting armour, AC +5
a: Depart the Abyss, Bend Space, Banish, Renounce Religion


You were on level 3 of the Dungeon.
You worshipped Lugonu.
Lugonu was greatly pleased with you.
You were hungry.

You visited 1 branch of the dungeon, and saw 3 of its levels.
You visited the Abyss 1 time.

You collected 149 gold pieces.

Inventory:

Hand weapons
 a - a +2,+2 spear (weapon) {=f}
Missiles
 l - a throwing net (quivered)
Armour
 o - a +0 pair of gauntlets (worn)
Magical devices
 p - a wand of polymorph (3)
Comestibles
 c - 3 bread rations
 k - a choko
 m - an apple
Scrolls
 b - 4 scrolls of identify {unknown}
 f - a scroll of teleportation {unknown}
 h - a scroll of enchant weapon I {unknown}
 n - a scroll of noise {unknown}
 q - a scroll of enchant weapon II {unknown}
Jewellery
 i - a +3 ring of intelligence (left hand)
Potions
 d - a potion of heal wounds {unknown}
 j - 2 potions of curing {unknown}
 r - a potion of berserk rage {unknown}


   Skills:
 - Level 3.2 Fighting
 + Level 3.9 Polearms
 - Level 2.1 Dodging
 + Level 3.6 Invocations


You had 3 spell levels left.
You didn't know any spells.

Dungeon Overview and Level Annotations

Branches:
Dungeon (3/27)

Altars:
Ashenzari

Annotations
D:2 Sigmund


Message History

The green rat barely misses you.
You closely miss the green rat.
You tail-slap the green rat, but do no damage.
The green rat is heavily wounded.
The green rat barely misses you.
You hit the green rat.
The green rat is severely wounded.
The green rat misses you.
You barely miss the green rat.
The green rat is severely wounded.
The green rat bites you.
* * * LOW HITPOINT WARNING * * *
You hit the green rat.
The green rat is severely wounded.
The green rat barely misses you.
You barely miss the green rat.
The green rat is severely wounded.
You hear the slow rusting of a drain nearby.
The green rat bites you.
You die...

.......^..≈≈≈≈≈
........?..≈≈.≈≈
#.).......)...≈≈≈
#....##..%.%.....#
#....##..%......#
###....##..########
.......##..#
........##w.# .
#...@r..# ...
#.......# #....
#.......#
#....#####...##..#
#............##..#
#.......)....##..#
#......<)....##..#
#...######...##..#
.. #...##..#


You could see a worm and a green rat.

Vanquished Creatures
  3 gnolls (D:3)
  2 adders (D:2)
  A worm (D:2)
  An ufetubus (D:1)
  2 grey rats (D:3)
  An ooze (D:2)
  3 bats
  3 giant cockroaches
  5 hobgoblins
  2 jackals (D:1)
  A ball python (D:3)
  2 giant geckos
  4 giant newts
  11 goblins
  8 kobolds
  8 rats
57 creatures vanquished.

Vanquished Creatures (others)
  A jackal (D:2)
1 creature vanquished.

Grand Total: 58 creatures vanquished

Notes
Turn   | Place    | Note
--------------------------------------------------------------
     0 | Abyss:1  | Diracelecht, the Draconian Abyssal Knight, began the quest for the Orb.
     0 | Abyss:1  | Reached XP level 1. HP: 17/17 MP: 1/1
    81 | Abyss:1  | Noticed a ynoxinul
   102 | D:1      | Escaped the Abyss
   221 | D:1      | Reached XP level 2. HP: 18/24 MP: 2/2
   299 | D:1      | Acquired Lugonu's second power
   728 | D:2      | Reached XP level 3. HP: 15/30 MP: 4/4
  1070 | D:2      | Noticed Sigmund
  1276 | D:2      | Acquired Lugonu's third power
  1308 | D:2      | Found a shattered altar of Ashenzari.
  1490 | D:2      | Reached XP level 4. HP: 37/37 MP: 6/6
  1656 | D:3      | Slain by a green rat

Action                   |  1- 3 |  4- 6 || total
-------------------------+-------+-------++-------
Melee: Spear             |   163 |    55 ||   218
Throw: Dart              |     1 |     1 ||     2
       Hand axe          |       |     1 ||     1
Evoke: Wand              |     5 |       ||     5
